 Dungeon Crawl Stone Soup version 0.26-a0-264-g3a471323bd (webtiles) character file.

Game seed: 14053175554449545052

254 BritishOli the Covered (level 5, -2/42 HPs)
             Began as a Demonspawn Fighter on July 11, 2020.
             Killed from afar by an orc wizard (6 damage)
             ... with a magic dart
             ... on level 4 of the Dungeon.
             The game lasted 00:04:34 (4145 turns).

BritishOli the Covered (Demonspawn Fighter)         Turns: 4145, Time: 00:04:35

Health: -2/42      AC:  9    Str: 17    XL:     5   Next: 90%
Magic:  5/5        EV:  7    Int:  9    God:
Gold:   85         SH:  9    Dex: 13    Spells: 4/4 levels left

rFire    + . .     SeeInvis .   a - +0 long sword
rCold    . . .     Faith    .   c - +0 kite shield
rNeg     . . .     Spirit   .   b - +0 scale mail
rPois    .         Reflect  .   (no helmet)
rElec    .         Harm     .   (no cloak)
rCorr    .                      (no gloves)
MR       .....                  (no boots)
Stlth    ..........             (no amulet)
HPRegen  0.14/turn              n - ring of protection from fire
MPRegen  0.09/turn              (no ring)

@: mighty, slowed, very slow
A: molten scales 1, powered by death 1
a: no special abilities


You were on level 4 of the Dungeon.
You were not hungry.

You visited 1 branch of the dungeon, and saw 4 of its levels.

You collected 85 gold pieces.

Inventory:

Hand Weapons
 a - a +0 long sword (weapon)
Armour
 b - a +0 scale mail (worn)
 c - a +0 kite shield (worn)
Jewellery
 n - a ring of protection from fire (left hand)
Scrolls
 g - 2 scrolls of magic mapping {unknown}
 h - a scroll of random uselessness {unknown}
 i - 3 scrolls of identify {unknown}
 k - a scroll of remove curse {unknown}
 l - 2 scrolls of enchant weapon {unknown}
 p - a scroll of enchant armour {unknown}
Potions
 d - 2 potions of might
 e - 2 potions of haste {unknown}
 j - 2 potions of lignification {unknown}
 m - a potion of brilliance {unknown}
 q - a potion of mutation {unknown}
 r - 2 potions of magic {unknown}
 s - a potion of heal wounds {unknown}
Comestibles
 f - 9 rations


   Skills:
 + Level 4.0 Fighting
 + Level 2.9 Long Blades
 * Level 4.3 Armour
 + Level 3.5 Shields


You had 4 spell levels left.
You didn't know any spells.
Your spell library was empty.

Dungeon Overview and Level Annotations

Branches:
Dungeon (4/15)
 Temple: D:4-7

Altars:
Trog


Innate Abilities, Weirdness & Mutations

You are partially covered in molten scales. (AC +2)
You regenerate a little health from kills.


Message History

You block the orc's attack.
The orc wizard hits you but does no damage.
You feel better. The orc barely misses you.
You riposte.
You hit the orc.
The orc is severely wounded.
You block the orc wizard's attack. The orc hits you but does no damage.
The orc wizard hits you but does no damage.
You completely miss the orc.
The orc is severely wounded.
The orc hits you but does no damage.
The orc wizard hits you with a +4 dagger!
* * * LOW HITPOINT WARNING * * *
The orc hits you but does no damage. You block the orc wizard's attack.
You slash the orc!
You kill the orc!
The orc wizard hits you with a +4 dagger.
* * * LOW HITPOINT WARNING * * *
You block the orc's attack. The orc wizard casts a spell at you.
The magic dart hits you.
You die...

#######.##
#......o[#
#........#
#........#
#......o.#
#####
#######'##
#..<# #.#
#.###
#.#########.#
#...oo@o....#
#############


You could see an orc priest, an orc wizard and an orc.

Vanquished Creatures
  A scorpion (D:4)
  A worker ant (D:4)
  Robin (D:2)
  6 adders
  An ooze (D:3)
  3 worms
  3 dart slugs
  3 leopard geckos
  2 orcs
  5 giant cockroaches
  18 goblins
  13 hobgoblins
  2 jackals (D:1)
  6 kobolds
  4 quokkas
  2 ball pythons (D:3)
  9 bats
  2 frilled lizards
  15 rats
97 creatures vanquished.

Notes
Turn   | Place    | Note
-------+----------+-------------------------------------------
     0 | D:1      | BritishOli the Demonspawn Fighter began the quest for the
                  | Orb.
     0 | D:1      | Reached XP level 1. HP: 18/18 MP: 1/1
   169 | D:1      | Gained mutation: You are partially covered in molten
                  | scales. (AC +2) [demonic ancestry]
   169 | D:1      | Reached XP level 2. HP: 24/24 MP: 2/2
   557 | D:1      | Reached XP level 3. HP: 26/29 MP: 3/3
   892 | D:2      | Noticed Robin
   919 | D:2      | Killed Robin
  1461 | D:2      | Gained mutation: You regenerate a little health from kills.
                  | [demonic ancestry]
  1461 | D:2      | Reached XP level 4. HP: 20/35 MP: 4/4
  1683 | D:2      | Found a bloodstained altar of Trog.
  2963 | D:3      | Reached XP level 5. HP: 42/42 MP: 5/5
  3032 | D:3      | Found a faded altar of an unknown god.
  3618 | D:4      | Noticed an ogre
  4145 | D:4      | Killed from afar by an orc wizard

Illustrated notes

Levels and vault maps discovered:
D:1:      tarquinn_simple_flora_water_f, layout_loops_cross
D:2:      layout_basic, nicolae_overflow_hidden_temple, first_ration, uniq_robin
D:3:      wad_river_or_something, layout_loops_ring,
          chequers_ecumenical_altar_twisty
D:4:      layout_basic, kennysheep_generic_room_2

Skill      XL: |  1  2  3  4  5 |
---------------+----------------+-----
Long Blades    | 2 |  2.9
Armour         | 3 4 |  4.3
Shields        | 3 |  3.5
Fighting       | 4 |  4.0

Action                   |  1- 3 |  4- 6 || total
-------------------------+-------+-------++-------
Melee: Long sword        |   133 |   210 ||   343
  Use: Potion            |       |     4 ||     4
  Eat: Ration            |     1 |     2 ||     3
Armor: Scale mail        |    72 |   105 ||   177
Dodge: Dodged            |    45 |    72 ||   117
Block: Kite shield       |    63 |    88 ||   151
       Rpst.: Long sword |    15 |    20 ||    35

Table legend:
 A = Non-vault XP
 B = Vault XP
 C = Vault XP percentage of total XP
 D = Non-vault monster count
 E = Vault monster count
 F = Vault count percentage of total count
                 A         B        C        D         E       F
            +---------+---------+-------+---------+---------+-------
      Total |     304 |      59 |  16.3 |      78 |      19 |  19.6
            +---------+---------+-------+---------+---------+-------
        D:1 |      41 |       0 |   0.0 |      21 |       0 |   0.0
        D:2 |      44 |      33 |  42.9 |      24 |      10 |  29.4
        D:3 |      98 |      26 |  21.0 |      28 |       9 |  24.3
        D:4 |     121 |       0 |   0.0 |       5 |       0 |   0.0
            +---------+---------+-------+---------+---------+-------
